AoeStats
← SeemsFishy

Coastal Forest

503426598Analyzed
4v4 RM · 1mo ago on Aug 31, 2026· 68m 11s· 8 players
Game mode
Random Map
Map size
Large (8 player)
Population
200
Speed
Normal
Resources
Standard
Victory
Conquest
Starting age
Dark Age
Ending age
Imperial Age
RankedLock teamsTeams togetherTeam positionsShared explorationLock speedFull tech treeHidden civsTurbo modeCheats
Victory
Defeat
🇬🇧 Wei · United Kingdom
1369
+13
🇩🇪 Japanese · Germany
1348
+14
🇨🇭 Bulgarians · Switzerland
1298
+16
🇩🇪 Lithuanians · Germany
1279
+17
🇮🇳 Mapuche · India
1361
-18
🇭🇰 Portuguese · Hong Kong SAR China
1361
-18
🇨🇳 Hindustanis · China
1244
-12
🇦🇹 Mongols · Austria
1215
-11
Pancho
4:45 Loom
12:57 Feudal Age
14:32 Fishing Lines
14:50 Double-Bit Axe
19:50 Castle Age
20:57 Demolition Ship
23:17 Medium Warships
22:58 Gillnets
26:29 Imperial Age
26:11 Husbandry
26:21 Bloodlines
26:14 Horse Collar
26:46 Bow Saw
27:15 Wheelbarrow
27:36 Scale Barding Armor
28:02 Heavy Plow
28:45 Forging
31:59 Chain Barding Armor
32:32 Iron Casting
32:25 Padded Archer Armor
32:27 Gold Mining
32:17 Cavalier
35:17 Crop Rotation
37:29 Fletching
38:32 Conscription
38:19 Stirrups
39:18 Plate Barding Armor
39:44 Blast Furnace
39:41 Gold Shaft Mining
38:56 Stone Mining
39:19 Padded Archer Armor
40:10 Coinage
39:45 Caravan
40:31 Bodkin Arrow
40:47 Siege Engineers
40:52 Masonry
41:04 Ballistics
42:12 Banking
42:42 Leather Archer Armor
42:27 Bracer
44:37 Hand Cart
44:08 Town Watch
46:59 Thumb Ring
46:21 Elite Skirmisher
46:58 Light Cavalry
50:20 Chemistry
49:51 Architecture
49:24 Town Patrol
50:23 Hussar
56:45 Heated Shot
58:00 Bagains
57:22 Elite Konnik
60:06 Heavy Warships
60:58 Capped Ram
61:44 Pikeman
62:25 Squires
62:26 Scale Mail Armor
62:46 Siege Ram
64:01 Chain Mail Armor
67:59 Plate Mail Armor
Lassen und Kirsch
6:09 Loom
8:46 Feudal Age
9:00 Man-at-Arms
11:26 Double-Bit Axe
15:30 Horse Collar
18:02 Forging
18:55 Wheelbarrow
19:28 Gold Mining
22:00 Castle Age
20:49 Scale Barding Armor
21:31 Bloodlines
24:12 Chain Barding Armor
24:26 Husbandry
25:01 Gold Mining
27:48 Town Watch
28:24 Bow Saw
31:09 Stone Mining
33:12 Hand Cart
35:11 Fletching
38:15 Imperial Age
36:56 Bodkin Arrow
37:10 Scale Mail Armor
38:01 Iron Casting
37:29 Squires
36:49 Pikeman
37:17 Arson
39:04 Chain Mail Armor
38:19 Capped Ram
38:48 Halberdier
40:36 Heavy Plow
42:15 Plate Mail Armor
43:06 Blast Furnace
44:09 Bodkin Arrow
46:09 Padded Archer Armor
47:29 Chemistry
46:59 Thumb Ring
47:46 Bracer
48:08 Ballistics
48:31 Masonry
48:37 Leather Archer Armor
49:28 Parthian Tactics
50:40 Two-Man Saw
49:58 Caravan
51:23 Ring Archer Armor
50:54 Heavy Cavalry Archer
52:21 Conscription
52:43 Hoardings
54:04 Siege Engineers
55:49 Kataparuto
55:45 Yasama
55:40 Guard Tower
56:56 Keep
56:06 Arrowslits
56:55 Murder Holes
56:41 Treadmill Crane
57:02 Murder Holes
60:04 Gold Shaft Mining
68:21 Gambesons
67:56 Long Swordsman
68:05 Light Cavalry
68:06 Cavalier
68:07 Crossbowman
SeemsFishy
6:53 Loom
9:27 Feudal Age
10:23 Double-Bit Axe
12:06 Horse Collar
16:54 Wheelbarrow
18:03 Gold Mining
21:45 Castle Age
21:48 Crossbowman
23:01 Fletching
23:43 Bodkin Arrow
28:50 Bow Saw
36:33 Heavy Plow
38:25 Hand Cart
37:58 Town Watch
45:15 Imperial Age
43:06 Fortified Wall
43:07 Masonry
42:38 Treadmill Crane
43:15 Fortified Wall
43:16 Masonry
46:02 Husbandry
45:23 Heavy Hei Guang Cavalry
46:14 Bloodlines
46:13 Scale Barding Armor
46:19 Forging
47:41 Chain Barding Armor
47:57 Iron Casting
48:22 Gold Shaft Mining
49:35 Iron Casting
49:25 Light Cavalry
51:04 Ming Guang Armor
50:25 Hussar
54:56 Blast Furnace
54:09 Tuntian
54:29 Conscription
69:24 Chemistry
68:44 Ballistics
68:20 Murder Holes
Greiffović
9:46 Feudal Age
8:11 Loom
13:38 Forging
13:23 Loom
15:15 Wheelbarrow
15:59 Fishing Lines
20:01 Castle Age
18:21 Double-Bit Axe
18:55 Bloodlines
18:56 Scale Barding Armor
19:29 Gold Mining
19:21 Horse Collar
19:49 Stone Mining
19:57 Fletching
21:30 Husbandry
21:34 Gillnets
24:49 Iron Casting
25:04 Stone Shaft Mining
26:11 Fervor
26:55 Bow Saw
28:32 Chain Barding Armor
31:31 Heavy Plow
31:48 Hand Cart
36:55 Imperial Age
36:54 Bodkin Arrow
36:59 Padded Archer Armor
37:22 Ballistics
37:13 Fortified Wall
36:58 Murder Holes
36:44 Treadmill Crane
36:58 Cavalier
38:15 Plate Barding Armor
38:18 Paladin
39:30 Crop Rotation
40:10 Two-Man Saw
40:16 Bracer
40:31 Leather Archer Armor
40:39 Caravan
42:29 Conscription
42:45 Hoardings
44:34 Town Watch
44:51 Scale Mail Armor
45:53 Chemistry
45:04 Masonry
62:15 Hill Forts
63:55 Tower Shields
64:50 Town Patrol
65:22 Ring Archer Armor
65:08 Chain Mail Armor
65:26 Architecture
Mr. Curse
6:19 Loom
10:37 Feudal Age
11:26 Double-Bit Axe
11:24 Horse Collar
13:03 Wheelbarrow
19:29 Castle Age
20:46 Castle Age
19:47 Stone Mining
22:30 Bow Saw
24:28 Heavy Plow
25:07 Stone Shaft Mining
25:06 Gold Mining
32:46 Hand Cart
33:53 Gold Shaft Mining
37:36 Imperial Age
36:24 Fletching
36:46 Murder Holes
37:10 Bodkin Arrow
38:11 Ballistics
38:21 Bracer
41:16 Chemistry
40:25 Husbandry
41:07 Conscription
41:19 Bloodlines
43:07 Caravan
43:38 Coinage
43:28 Padded Archer Armor
43:36 Thumb Ring
45:07 Masonry
45:13 Elite Mangudai
47:03 Heavy Camel Rider
49:51 Leather Archer Armor
49:41 Scale Barding Armor
49:49 Forging
51:17 Chain Barding Armor
52:32 Light Cavalry
54:44 Hussar
609170940
10:08 Loom
11:54 Feudal Age
13:21 Double-Bit Axe
16:19 Castle Age
14:17 Fishing Lines
15:12 Horse Collar
17:28 Bow Saw
22:17 Heavy Plow
28:00 Fletching
30:16 Wheelbarrow
37:03 Imperial Age
34:50 Padded Archer Armor
34:45 Bodkin Arrow
34:51 Padded Archer Armor
36:40 Crossbowman
37:26 Thumb Ring
37:43 Bodkin Arrow
38:03 Leather Archer Armor
37:30 Arbalester
38:27 Leather Archer Armor
38:49 Bracer
39:58 Ring Archer Armor
40:01 Conscription
40:07 Conscription
39:47 Gold Mining
39:47 Stone Mining
40:26 Ballistics
41:29 Chemistry
41:35 Hand Cart
42:27 Two-Man Saw
42:13 Crop Rotation
43:17 Bombard Tower
44:16 Arquebus
43:59 Treadmill Crane
44:15 Murder Holes
44:33 Masonry
44:35 Siege Engineers
49:00 Scale Mail Armor
49:10 Forging
49:00 Scale Mail Armor
49:10 Forging
49:53 Caravan
50:00 Pikeman
50:25 Gambesons
50:26 Arson
50:33 Gambesons
51:04 Chain Mail Armor
51:24 Iron Casting
51:05 Chain Mail Armor
51:25 Iron Casting
52:15 Halberdier
54:29 Blast Furnace
53:59 Plate Mail Armor
54:29 Blast Furnace
61:29 Elite Skirmisher
62:42 Plate Mail Armor
61:57 Elite Skirmisher
RockAxe4356
8:07 Loom
10:59 Feudal Age
13:35 Fishing Lines
16:12 Castle Age
15:01 Double-Bit Axe
14:57 Horse Collar
15:31 Fletching
17:22 Bow Saw
18:06 Fishing Lines
18:43 Bodkin Arrow
19:44 Ballistics
20:52 Padded Archer Armor
27:41 Medium Warships
28:15 Heavy Plow
29:07 Gold Mining
32:49 Wheelbarrow
33:36 Town Watch
36:00 Leather Archer Armor
38:24 Imperial Age
37:05 Hand Cart
37:06 Malon
37:51 Forging
40:50 Iron Casting
40:46 Ring Archer Armor
41:01 Conscription
40:49 Butalmapu
41:46 Murder Holes
41:38 Arrowslits
42:06 Masonry
41:38 Treadmill Crane
43:17 Town Patrol
43:17 Elite Bolas Rider
46:02 Chemistry
45:29 Capped Ram
46:16 Siege Engineers
46:52 Pikeman
48:53 Architecture
49:41 Blast Furnace
52:10 Hoardings
53:05 Crop Rotation
53:12 Gold Shaft Mining
52:28 Stone Mining
54:08 Halberdier
59:20 Stone Shaft Mining
64:14 Heavy Warships
63:42 Gillnets
64:29 Caravan
641627092
6:25 Loom
9:00 Feudal Age
18:10 Horse Collar
18:20 Double-Bit Axe
26:49 Castle Age
24:45 Gold Mining
24:45 Stone Mining
27:47 Bloodlines
27:38 Husbandry
28:30 Bow Saw
30:13 Wheelbarrow
31:45 Heavy Plow
32:33 Hand Cart
32:48 Fortified Wall
39:46 Forging
39:41 Scale Barding Armor
41:47 Iron Casting
41:32 Chain Barding Armor
51:17 Imperial Age
48:33 Town Watch
48:40 Light Cavalry
50:23 Caravan
51:21 Heavy Camel Rider
54:03 Imperial Camel Rider
56:35 Blast Furnace
56:10 Plate Barding Armor
57:26 Fletching
60:47 Gold Shaft Mining
60:02 Stone Mining
66:19 Plate Barding Armor
Connection lost

Rejoining the realm…

Still unreachable

The connection could not be restored.

Session expired

The server has moved on; the page needs a fresh start.